 Dungeon Crawl Stone Soup version 0.21.1-1-g345015f (webtiles) character file.

4357 suicidejoker the Covert (level 10, -2/66 HPs)
             Began as an Octopode Assassin on Apr 16, 2018.
             Was an Initiate of Gozag.
             Killed by the air
             ... invoked by Gastronok
              (52 damage)
             ... on level 8 of the Dungeon.
             The game lasted 00:22:20 (6623 turns).

suicidejoker the Covert (Octopode Assassin)         Turns: 6623, Time: 00:22:28

Health: -2/66      AC:  3    Str: 18    XL:     10   Next: 34%
Magic:  19/19      EV: 19    Int: 13    God:    Gozag
Gold:   762        SH:  0    Dex: 17    Spells: 21/21 levels left

rFire    . . .     SeeInvis .   a - +4 dagger
rCold    . . .     Gourm    .   (no shield)
rNeg     . . .     Faith    .   (helmet restricted)
rPois    .         Spirit   .   o - amulet of regeneration
rElec    .         Reflect  .   m - +3 ring of evasion
rCorr    +         Harm     .   J - ring of resist corrosion
MR       .....     Clarity  +   E - ring of Shadows {Umbra +Inv Stlth+}
Stlth    +++++++++.             (no ring)
HPRegen  0.61/turn              (no ring)
MPRegen  0.16/turn              (no ring)
                                (no ring)
                                (no ring)

@: mighty, flying, very slightly contaminated, wreathed by umbra
A: almost no armour, stealthy swim, amphibious, 8 rings, constrict 8, tentacle
spike 1, iridescent scales 1, camouflage 1, agile 1, clarity, gelatinous body 1
a: Potion Petition, Call Merchant, Bribe Branch, Renounce Religion, Evoke
Invisibility


You were on level 8 of the Dungeon.
You worshipped Gozag.
Gozag was pleased with you.
You were not hungry.

You visited 2 branches of the dungeon, and saw 9 of its levels.
You also visited: Sewer and Ossuary.

You collected 808 gold pieces.
You paid 46 gold pieces to Gozag.

Inventory:

Hand Weapons
 a - a +4 dagger (weapon)
 b - a +0 blowgun
 e - a +0 dagger of protection
 g - a +0 scythe of flaming
 h - a +0 short sword of freezing
 y - a cursed -3 whip
 L - a +3 flail
Missiles
 c - 47 poisoned needles
 d - 9 curare-tipped needles
 j - 178 stones (quivered)
 q - 2 needles of sleeping
 r - 62 bolts
 u - 70 sling bullets
 B - 4 throwing nets
 D - 54 arrows
Jewellery
 m - a +3 ring of evasion (left tentacle)
 o - an amulet of regeneration (around mantle)
 E - the ring of Shadows (on tentacle) {Umbra +Inv Stlth+}
   (You found it on level 5 of the Dungeon)

   [ring of stealth]

   It lets you turn invisible.
   It makes you more stealthy.
 J - a ring of resist corrosion (right tentacle)
Wands
 k - a wand of enslavement (11)
 F - a wand of flame (42)
 G - a wand of iceblast (8)
 M - a wand of acid (14)
 N - a wand of disintegration (15)
Scrolls
 i - 10 scrolls of identify
 n - 4 scrolls of remove curse
 s - a scroll of holy word
 t - 9 scrolls of teleportation
 v - 2 scrolls of magic mapping
 C - a scroll of fear
 H - a scroll of fog
 K - a scroll of enchant weapon
Potions
 l - 2 potions of heal wounds
 p - 2 potions of flight
 w - 2 potions of curing
 x - 2 potions of magic
 z - a potion of degeneration {unknown}
 A - a potion of mutation
Comestibles
 f - 3 rations


   Skills:
 + Level 5.3 Fighting
 - Level 3.5 Short Blades
 + Level 5.3 Throwing
 + Level 5.0 Dodging
 * Level 9.8 Stealth
 * Level 5.3 Unarmed Combat
 * Level 6.4 Spellcasting
 * Level 4.3 Evocations


You had 21 spell levels left.
You didn't know any spells.

Dungeon Overview and Level Annotations

Branches:
Dungeon (8/15)             Temple (1/1) D:4
   Lair: D:8-11

Altars:
Cheibriados
Dithmenos
Elyvilon
Fedhas
Gozag
Hepliaklqana
Kikubaaqudgha
Makhleb
Nemelex Xobeh
Okawaru
Ru
Sif Muna
Trog
Uskayaw
Vehumet
Wu Jian
Xom
Yredelemnul
Zin
The Shining One

Shops:
D:6 *   D:7 }

Annotations:
D:8 Gastronok


Innate Abilities, Weirdness & Mutations

You cannot wear most types of armour.
You are very stealthy in the water. (Stealth+)
You are amphibious.
You can wear up to eight rings at the same time.
You can use your tentacles to constrict eight enemies at once.
Your skin changes colour to match your surroundings (Stealth+).
Your rubbery body absorbs attacks. (AC +1, EV +1)
One of your tentacles bears a spike.
You are partially covered in iridescent scales. (AC +2)
You are agile. (Dex +2)
You possess an exceptional clarity of mind.


Message History

Aiming: Throw Flame
Press: ? - help, Shift-Dir - straight line, f/p - Gastronok
Aim: Gastronok, wearing an embroidered hat (lightly wounded)
The puff of flame hits Gastronok.
Gastronok is lightly wounded.
Evoke which item? (* to show all) (? for menu, Esc to quit)
Aiming: Iceblast
Press: ? - help, Shift-Dir - straight line, p - Gastronok The mass of ice explodes!
The iceblast engulfs Gastronok.
Gastronok is lightly wounded.
Evoke which item? (* to show all) (? for menu, Esc to quit)
Aiming: Iceblast
Press: ? - help, Shift-Dir - straight line The mass of ice explodes!
The iceblast engulfs Gastronok.
Gastronok is moderately wounded.
Gastronok waves his eye-stalks in wide circles.
The air twists around and violently strikes you in flight!
Ouch! That really hurt!
You die...
Your body crumbles into a pile of gold.

#....).........#
#.h...)........#
#'############.#
#....#### .#
#.......#
#.......# $
#.......#
#....#### #...@#
#...........
#...>......[
#...........
#....#######
#....# #.w...
#.....


You could see Gastronok.

Vanquished Creatures
  A two-headed ogre (D:8)
  The ghost of peaced01 the Grappler, a novice TrMo of Okawaru (D:7)
  Maurice (D:8)
  Sigmund (D:3)
  An orc warrior (D:7)
  A phantom (D:7)
  An ice beast (D:7)
  An ogre (D:4)
  A centaur (D:7)
  4 big kobolds (Sewer)
  2 bullfrogs (D:7)
  2 scorpions
  4 howler monkeys
  A bullfrog zombie (D:7)
  A centaur zombie (Ossuary)
  4 crimson imps
  2 jellies (D:5)
  Crazy Yiuf (D:6)
  6 hounds
  4 orc priests
  2 centaur skeletons (D:7)
  4 orc wizards
  2 bullfrog skeletons
  Natasha (thrice) (D:3)
  4 worker ants
  A killer bee zombie (D:7)
  6 big kobold zombies (Ossuary)
  The ghost of thisgamesucks the Ducker, a weakling MfGl (D:3)
  2 hound zombies (D:7)
  4 mummies (Ossuary)
  A worker ant zombie (D:6)
  Robin (D:3)
  4 gnolls (D:6)
  10 adders
  A howler monkey skeleton (D:4)
  A river rat (Sewer)
  2 shadow imps
  3 oozes (Sewer)
  An adder zombie (D:7)
  3 adder skeletons
  5 worms
  3 dart slugs
  3 leopard geckos
  10 orcs
  4 bats
  2 giant cockroaches
  8 hobgoblins
  3 jackals (D:4)
  4 quokkas
  A ball python (Sewer)
  4 frilled lizards
  20 goblins
  2 hobgoblin zombies (Ossuary)
  3 jackal skeletons
  8 kobolds
  A leopard gecko skeleton (D:6)
  17 rats
194 creatures vanquished.

Vanquished Creatures (collateral kills)
  A leopard gecko (D:8)
1 creature vanquished.

Vanquished Creatures (others)
  A bullfrog (D:7)
  A gnoll (D:7)
2 creatures vanquished.

Grand Total: 197 creatures vanquished

Notes
Turn   | Place    | Note
-------+----------+-------------------------------------------
     0 | D:1      | suicidejoker the Octopode Assassin began the quest for the Orb.
     0 | D:1      | Reached XP level 1. HP: 14/14 MP: 1/1
   139 | D:1      | Reached XP level 2. HP: 11/19 MP: 2/2
   702 | D:2      | Reached skill level 1 in Spellcasting
   724 | D:2      | Reached XP level 3. HP: 18/24 MP: 4/4
   765 | D:2      | Reached XP level 4. HP: 9/30 MP: 6/6
  1336 | D:3      | Noticed thisgamesucks's ghost (weakling MfGl)
  1345 | D:3      | Reached XP level 5. HP: 23/35 MP: 8/8
  1358 | D:3      | Killed thisgamesucks's ghost
  1358 | D:3      | Reached skill level 6 in Stealth
  1461 | D:3      | Noticed Robin
  1476 | D:3      | Killed Robin
  1554 | D:3      | Noticed Sigmund
  1686 | D:3      | Found a basalt altar of Yredelemnul.
  1715 | D:3      | Found a glowing drain.
  1748 | Sewer    | Entered a sewer
  1810 | Sewer    | Reached XP level 6. HP: 41/41 MP: 10/10
  1989 | Sewer    | Reached XP level 7. HP: 37/46 MP: 10/12
  2083 | D:3      | Noticed Natasha
  2091 | D:3      | Killed Natasha
  2157 | D:3      | Noticed Natasha
  2167 | D:3      | Killed Natasha
  2216 | D:3      | Gained mutation: You possess an exceptional clarity of mind. [potion of mutation]
  2216 | D:3      | Gained mutation: You are partially covered in iridescent scales. (AC +2) [potion of mutation]
  2216 | D:3      | Gained mutation: You are agile. (Dex +2) [potion of mutation]
  2216 | D:3      | Gained mutation: One of your tentacles bears a spike. [potion of mutation]
  2224 | D:3      | Killed Sigmund
  2378 | D:3      | Noticed Natasha
  2383 | D:3      | Killed Natasha
  2486 | D:4      | Reached skill level 7 in Stealth
  2503 | D:4      | Found a white marble altar of Elyvilon.
  2538 | D:4      | Found a shadowy altar of Dithmenos.
  2583 | D:4      | Reached skill level 1 in Unarmed Combat
  2583 | D:4      | Reached XP level 8. HP: 43/54 MP: 14/14
  2660 | D:4      | Found a sand-covered staircase.
  2674 | Ossuary  | Entered an ossuary
  3049 | D:4      | Found a staircase to the Ecumenical Temple.
  3160 | Temple   | Entered the Ecumenical Temple
  3207 | Temple   | Became a worshipper of Gozag Ym Sagoz the Greedy
  3342 | D:4      | Found a sacrificial altar of Ru.
  3728 | D:5      | Entered Level 5 of the Dungeon
  3750 | D:5      | Reached skill level 5 in Spellcasting
  3836 | D:5      | Found the ring of Shadows {Umbra +Inv Stlth+}
  3885 | D:5      | Found a blossoming altar of Fedhas.
  4607 | D:6      | Found a runed door.
  4648 | D:6      | Found a radiant altar of Vehumet.
  4756 | D:6      | Reached XP level 9. HP: 59/59 MP: 16/16
  4979 | D:6      | Found Zin's Purification Station.
  4982 | D:6      | Found a glowing silver altar of Zin.
  5012 | D:6      | Reached skill level 8 in Stealth
  5019 | D:6      | Reached skill level 1 in Evocations
  5194 | D:6      | Found a burning altar of Makhleb.
  5195 | D:6      | Found a glowing golden altar of the Shining One.
  5440 | D:6      | Noticed Crazy Yiuf
  5453 | D:6      | Killed Crazy Yiuf
  5484 | D:7      | Found a shimmering altar of Xom.
  5960 | D:7      | Found Pozuts's Gadget Shop.
  6225 | D:7      | Noticed peaced01's ghost (novice TrMo)
  6247 | D:7      | HP: 3/60 [peaced01's ghost (27)]
  6250 | D:7      | Killed peaced01's ghost
  6250 | D:7      | Reached skill level 5 in Fighting
  6250 | D:7      | Reached skill level 5 in Throwing
  6250 | D:7      | Reached skill level 9 in Stealth
  6250 | D:7      | Reached XP level 10. HP: 51/66 MP: 17/19
  6535 | D:8      | Noticed Maurice
  6535 | D:8      | Noticed a two-headed ogre
  6560 | D:8      | Killed a two-headed ogre
  6560 | D:8      | Reached skill level 5 in Unarmed Combat
  6573 | D:8      | HP: 2/66 [something (11)]
  6589 | D:8      | Killed Maurice
  6589 | D:8      | Reached skill level 5 in Dodging
  6620 | D:8      | Noticed Gastronok
  6623 | D:8      | Killed from afar by Gastronok

Skill      XL: |  1  2  3  4  5  6  7  8  9 10 |
---------------+-------------------------------+-----
Spellcasting   | 1 2 3 4 5 6 |  6.4
Dodging        | 2 3 4 5 |  5.0
Stealth        | 6 7 9 |  9.8
Throwing       | 3 4 5 |  5.3
Fighting       | 3 4 5 |  5.3
Short Blades   | 3 |  3.5
Unarmed Combat | 1 3 4 5 |  5.3
Evocations     | 3 4 |  4.3

Action                   |  1- 3 |  4- 6 |  7- 9 | 10-12 || total
-------------------------+-------+-------+-------+-------++-------
Melee: Dagger            |    53 |   131 |   236 |    27 ||   447
       Constrict         |    12 |    28 |    50 |       ||    90
       Tentacles         |     7 |    27 |    56 |     5 ||    95
       Kick              |       |       |    97 |     8 ||   105
       Punch             |       |       |     3 |     3 ||     6
 Fire: Blowgun           |       |       |    34 |       ||    34
Throw: Stone             |       |       |    68 |       ||    68
 Abil: Evoke Invisibilit |       |       |       |     1 ||     1
Evoke: Wand              |       |       |    11 |     7 ||    18
  Use: Scroll            |       |     6 |     7 |     1 ||    14
       Potion            |       |     1 |     8 |     6 ||    15
 Stab: Sleeping          |     7 |    17 |    26 |     1 ||    51
       Distracted        |       |       |     3 |       ||     3
  Eat: Chunk             |       |     4 |     4 |       ||     8
       Ration            |       |       |     2 |     1 ||     3
Armor: Skin              |     3 |     1 |    15 |     2 ||    21
Dodge: Dodged            |    28 |    73 |   116 |    25 ||   242
